 Dungeon Crawl Stone Soup version 0.27-a0-1087-gf39c287674 (webtiles) character file.

Game seed: 3552631973469626677

349 Notrik the Skirmisher (level 6, -5/56 HPs)
             Began as a Minotaur Fighter on Apr 27, 2021.
             Was a Believer of Zin.
             Slain by Duvessa
             ... wielding a +0 rapier
              (10 damage)
             ... on level 4 of the Dungeon.
             The game lasted 00:05:53 (3224 turns).

Notrik the Skirmisher (Minotaur Fighter)            Turns: 3224, Time: 00:05:54

Health: -5/56      AC:  7    Str: 23    XL:     6   Next: 33%
Magic:  5/5        EV:  8    Int:  5    God:    Zin [**....]
Gold:   55         SH: 10    Dex:  9    Spells: 5/5 levels left

rFire    . . .     SeeInvis .   a - +0 war axe
rCold    . . .     Faith    .   c - +0 kite shield
rNeg     . . .     Spirit   .   b - +0 scale mail
rPois    .         Reflect  .   (helmet restricted)
rElec    .         Harm     .   (no cloak)
rCorr    .         Rampage  .   (no gloves)
Will     .....                  (no boots)
Stlth    ..........             (no amulet)
HPRegen  0.18/turn              (no ring)
MPRegen  0.09/turn              (no ring)

@: no status effects
A: horns 2, retaliatory headbutt
a: Renounce Religion, Recite, Vitalisation, Donate Gold


You were on level 4 of the Dungeon.
You worshipped Zin.
Zin was pleased with you.
You visited 1 branch of the dungeon, and saw 4 of its levels.

You collected 61 gold pieces.
You donated 6 gold pieces to Zin.

Inventory:

Hand Weapons
 a - a +0 war axe (weapon)
Armour
 b - a +0 scale mail (worn)
 c - a +0 kite shield (worn)
Scrolls
 e - a scroll of identify {unknown}
 f - a scroll of enchant armour {unknown}
 g - a scroll of vulnerability {unknown}
 i - a scroll of blinking {unknown}
Potions
 d - a potion of might
 h - a potion of mutation {unknown}
 j - a potion of degeneration {unknown}


   Skills:
 * Level 5.3 Fighting
 + Level 5.2 Axes
 + Level 4.9 Armour
 - Level 0.4 Dodging
 + Level 4.8 Shields


You had 5 spell levels left.
You didn't know any spells.
Your spell library contained the following spells:

 Spells                   Type           Power      Damage    Failure   Level
 Beastly Appendage        Tmut           0%         N/A       99%         1
 Shock                    Conj/Air       0%         1d3       99%         1
 Static Discharge         Conj/Air       0%         N/A       100%        2
 Wereblood                Tmut           0%         N/A       100%        2
 Spider Form              Tmut/Pois      0%         N/A       100%        3
 Swiftness                Air            0%         N/A       100%        3
 Airstrike                Air            0%         N/A       100%        4
 Ice Form                 Ice/Tmut       0%         N/A       100%        4
 Hydra Form               Tmut           0%         N/A       100%        5
 Lightning Bolt           Conj/Air       0%         1d11      100%        5


Dungeon Overview and Level Annotations

Branches:
Dungeon (4/15)
 Temple: D:4-7

Altars:
Kikubaaqudgha
Trog
Wu Jian
Yredelemnul
Zin

Annotations:
D:4 Dowan, Duvessa


Innate Abilities, Weirdness & Mutations

You have a pair of horns on your head.
You reflexively headbutt those who attack you in melee.


Message History

You are too injured to fight recklessly!
You are too injured to fight recklessly!
You are too injured to fight recklessly!
You are too injured to fight recklessly!
You are too injured to fight recklessly!
You are too injured to fight recklessly!
You are too injured to fight recklessly!
You are too injured to fight recklessly!
You are too injured to fight recklessly!
You are too injured to fight recklessly!
You are too injured to fight recklessly!
You are too injured to fight recklessly!
You are too injured to fight recklessly!
You are too injured to fight recklessly!
You are too injured to fight recklessly!
You are too injured to fight recklessly!
You are too injured to fight recklessly!
Dowan casts a spell at you. The puff of flame hits you.
You block Duvessa's attack.
You see here a hobgoblin corpse.
Duvessa hits you with a +0 rapier. Duvessa hits you with a +0 rapier!
Dowan gestures wildly while chanting.
Dowan blinks!
Dowan casts a spell.
Dowan blinks!
You block Duvessa's attack. You block Duvessa's attack.
Your scale mail prevents you from hitting Duvessa.
Duvessa is moderately wounded.
Duvessa hits you with a +0 rapier!
* * * LOW HITPOINT WARNING * * *
Duvessa says, "Where magic fails, the sword succeeds!"
Duvessa hits you with a +0 rapier.
* * * LOW HITPOINT WARNING * * *
You block Duvessa's attack. Duvessa hits you with a +0 rapier!
* * * LOW HITPOINT WARNING * * *
Duvessa hits you with a +0 rapier!
You die...

###.# #.# #.# ##.#.#
#.# #.# ##.#..# #.#
#.# ##.###.###.# #.#
#.## ##.##.# #.#
##.###.###.# #.#
##.#.####.## #.#
##<####...####.#
#.##...#.@e...#
#######.##.#...######
#.............##
#.####...........#
#......####.#
.........# #
#.#.####.# #.#. #.# #
#. .#


You could see Duvessa (fast).

Vanquished Creatures
  Grinder (D:3)
  An iguana (D:2)
  A hound skeleton (D:4)
  A gnoll (D:3)
  3 adders
  2 orcs (D:3)
  10 bats
  5 endoplasms
  3 giant cockroaches (D:1)
  5 goblins
  7 hobgoblins
  12 jackals
  5 ball pythons
  6 frilled lizards
  6 kobolds
  9 rats
77 creatures vanquished.

Notes
Turn   | Place    | Note
-------+----------+-------------------------------------------
     0 | D:1      | Notrik the Minotaur Fighter began the quest for the Orb.
     0 | D:1      | Reached XP level 1. HP: 19/19 MP: 0/0
   176 | D:1      | Reached XP level 2. HP: 24/27 MP: 1/1
   436 | D:1      | Reached XP level 3. HP: 22/33 MP: 2/2
   825 | D:1      | Found a faded altar of an unknown god.
   835 | D:1      | Became a worshipper of Zin the Law-Giver
   835 | D:1      | Reached * piety under Zin
  1163 | D:2      | Found an ornate altar of the Wu Jian Council.
  1327 | D:2      | Reached XP level 4. HP: 41/41 MP: 3/3
  1562 | D:2      | Reached ** piety under Zin
  1690 | D:3      | Found a basalt altar of Yredelemnul.
  2091 | D:3      | Noticed Grinder
  2263 | D:3      | Found a bloodstained altar of Trog.
  2564 | D:3      | Found an ancient bone altar of Kikubaaqudgha.
  2654 | D:3      | Killed Grinder
  2655 | D:3      | Reached skill level 5 in Fighting
  2655 | D:3      | Reached skill level 5 in Axes
  2655 | D:3      | Reached XP level 5. HP: 18/48 MP: 4/4
  2655 | D:3      | Reached XP level 6. HP: 21/56 MP: 5/5
  3200 | D:4      | Noticed Dowan
  3202 | D:4      | Noticed Duvessa
  3224 | D:4      | Slain by Duvessa

Illustrated notes

Levels and vault maps discovered:
D:1:      dpeg_arrival_oval, layout_loops_ring, chequers_ecumenical_altar_lobes,
          hangedman_glass_teeth
D:2:      layout_rooms, basic_altar
D:3:      layout_loops_ring, general_overflow_altar, yredelemnul_altar_generic,
          trog_antimagical, uniq_grinder
D:4:      layout_loops_ring, minmay_fire_ice_demons, uniq_duvessa

Skill      XL: |  1  2  3  4 |
---------------+-------------+-----
Fighting       | 4 5 |  5.3
Armour         | 4 |  4.9
Shields        | 4 |  4.8
Axes           | 3 5 |  5.2
Dodging        | |  0.4

Action                   |  1- 3 |  4- 6 || total
-------------------------+-------+-------++-------
Melee: War axe           |    98 |    76 ||   174
       Headbutt          |     9 |     8 ||    17
Armor: Scale mail        |    52 |    40 ||    92
Dodge: Dodged            |    44 |    34 ||    78
Block: Kite shield       |    54 |    56 ||   110

Table legend: (Time is in decaauts)
 A = Elapsed time spent in this place.
 B = Non-inter-level travel time spent in this place.
 C = Inter-level travel time spent in this place.
 D = Time resting spent in this place.
 E = Time spent auto-exploring this place.
 F = Levels seen in this place.
 G = Mean time per level.
                   A        B        C        D        E       F      G
               +--------+--------+--------+--------+--------+-----+--------+
         Total |   3323 |   3188 |    135 |    466 |   2144 |   4 |  830.8 |
       Dungeon |   3323 |   3188 |    135 |    466 |   2144 |   4 |  830.8 |
               +--------+--------+--------+--------+--------+-----+--------+

Top non-repeatable levels by time:
     D:3: 1383 daAuts
     D:1: 1197 daAuts
     D:2: 652 daAuts
     D:4: 89 daAuts
